[Event "Early-Titled-Tuesday-Blitz-June-18-2024"]
[Site "Chess.com"]
[Date "2024.06.18"]
[Round "6"]
[White "KuzubovYuriy"]
[Black "vladgoncharov"]
[Result "1-0"]
[WhiteElo "2877"]
[BlackElo "2663"]
[TimeControl "180+1"]
[EndTime "9:10:18 PDT"]
[Termination "KuzubovYuriy won on time"]

1. d4 Nf6 2. c4 e6 3. Nf3 b6 4. g3 Bb7 5. Bg2 Be7 6. Nc3 O-O 7.
Qc2 d5 8. cxd5 exd5 9. O-O Na6 10. Bg5 h6 11. Bxf6 Bxf6 12. Rfd1 Qe7 13. e3 c6 14.
Rac1 Rfd8 15. Qa4 Nc7 16. Ne2 Nb5 17. Nf4 Nd6 18. Nd3 Nc4 19. b3 Na5 20. Qb4 Qe8 21. Qd2 Rac8 22. Nb2 Ba6 23. Bh3 Rc7 24. Bf1 Bxf1 25.
Kxf1 Rdc8 26. Rc2 Nb7 27. Nd3 Nd6 28. Nf4 Ne4 29. Qe2 Qd7 30. Kg2 Bg5 31. Nd3 Bf6 32.
b4 Qd6 33. Rdc1 c5 34. bxc5 bxc5 35. dxc5 Nxc5 36. Nxc5 Rxc5 37. Rxc5 Rxc5 38. Rd1 Qc6 39. Qd3 Rc2 40. Qb3 Rc5 41. Rd2 a5 42. Qd1 a4 43. h4 a3 44. Rd3 Rc3 45. Rxc3 Bxc3 46. Qd3 Qc4 47. Qxc4 dxc4 48. Kf1 f5 49. Ke2 Kf7 50.
Ng1 Ke6 51. h5 Kd5 52. Nh3 Be5 53. Ng1 Ke4 54. f3+ Kd5 55. e4+ fxe4 56. f4 Bf6 57. Kd2 e3+ 58. Kc2 Ke4 59. Kd1 1-0

[Event "Early-Titled-Tuesday-Blitz-June-18-2024"]
[Site "Chess.com"]
[Date "2024.06.18"]
[Round "6"]
[White "mostafa_sakha"]
[Black "profedechess93"]
[Result "0-1"]
[WhiteElo "2389"]
[BlackElo "2600"]
[TimeControl "180+1"]
[EndTime "9:10:19 PDT"]
[Termination "profedechess93 won by checkmate"]

1. d4 d5 2. c4 c6 3. Nf3 Nf6 4.
Nc3 dxc4 5. e4 b5 6. Be2 b4 7. Na4 a5 8. e5 Nd5 9. Bxc4 e6 10. O-O Ba6 11. Qe2 Be7 12. Be3 Nxe3 13. fxe3 O-O 14. Rac1 Bb7 15. Bd3 Nd7 16. Qc2 g6 17. Be4 Rc8 18.
Nd2 Ba6 19. Bd3 Bxd3 20. Qxd3 Nxe5 21. Qa6 Ng4 22. Qe2 Nh6 23. Ne4 Nf5 24. Qf3 Kg7 25. Nac5 Qd5 26. b3 e5 27. dxe5 Qxe5 28. Nd7 Qe6 29. Nxf8 Rxf8 30. Kh1 h5 31. Rc4 Rd8 32. Rfc1 Rd3 33. Rxc6 Qe5 34. Re1 Qd5 35. Rcc1 Nh4 36. Qf4 g5 37. Qg3 Qxe4 38. Rc4 Qg6 39. Rf1 Nf5 40.
Qf2 Nxe3 41. Re1 Nxc4 42. bxc4 Bf6 43. c5 Rc3 44. Rf1 h4 45. h3 Rc2 46. Qe3 Rc3 47.
Qe2 Qd3 48. Qf2 Qd4 49. Qf3 Rxf3 50. Rxf3 Qxc5 51. Rf5 Qc1+ 52. Kh2 Bd8 53. Rxg5+ Bxg5 54. g3 Bf4 55. Kg2 Qd2+ 56. Kf3 Qe3+ 57. Kg4 Qxg3+ 58. Kf5 Qg5+ 59. Ke4 Qe5+ 60. Kf3 Bh6 61. a4 Qe3+ 62. Kg4 Qg3+ 63. Kh5 Qg5# 0-1

[Event "Early-Titled-Tuesday-Blitz-June-18-2024"]
[Site "Chess.com"]
[Date "2024.06.18"]
[Round "6"]
[White "NikitaShnadrygin"]
[Black "AttilaTurzo"]
[Result "0-1"]
[WhiteElo "2732"]
[BlackElo "2443"]
[TimeControl "180+1"]
[EndTime "9:10:19 PDT"]
[Termination "AttilaTurzo won on time"]

1. e4 e5 2. Nc3 Nf6 3. f4 d5 4.
fxe5 Nxe4 5. Qf3 Nxc3 6. bxc3 c5 7. Qg3 Nc6 8. Nf3 d4 9. Bc4 Be6 10. Bxe6 fxe6 11. O-O Qd7 12. c4 O-O-O 13. d3 h6 14.
Qg6 Qe8 15. Qe4 g5 16. Rb1 Rg8 17. g4 Qg6 18. Qe2 h5 19. h3 Be7 20. Kg2 hxg4 21. hxg4 Rh8 22. Bd2 Rh7 23. Rh1 Rdh8 24. Qf2 Rh6 25.
Qg3 Qh7 26. Rxh6 Qxh6 27. Kf2 Kc7 28. Rg1 b6 29. Ke2 Qg7 30. Kf2 Kb7 31. Kg2 a6 32. Rh1 Rxh1 33. Kxh1 b5 34. cxb5 axb5 35. Kg2 Bd8 36.
Qh2 Bc7 37. Nxg5 Bxe5 38. Qh5 Qf6 39. Ne4 Qe7 40. g5 c4 41. g6 cxd3 42. cxd3 Bg7 43.
Qh7 Kb6 44. Bg5 Qf8 45. Qh3 Qe8 46. Qh7 Qf8 47. Ng3 Ne5 48. Qh4 Kc5 49. Ne4+ Kd5 50. Nf2 Qf5 51. Qe4+ Qxe4+ 52. dxe4+ Kc4 53. Bf4 Nxg6 54. Bc7 d3 55. Kf3 Ne5+ 56. Bxe5 Bxe5 57. Nd1 Bd4 58.
Kf4 e5+ 59. Kf5 d2 60. Kg4 Kd3 61. Kf3 b4 0-1

[Event "Early-Titled-Tuesday-Blitz-June-18-2024"]
[Site "Chess.com"]
[Date "2024.06.18"]
[Round "6"]
[White "GlavkonVVS"]
[Black "TimurDushatov"]
[Result "0-1"]
[WhiteElo "2522"]
[BlackElo "2377"]
[TimeControl "180+1"]
[EndTime "9:10:19 PDT"]
[Termination "TimurDushatov won by resignation"]

1. c4 Nf6 2. Nc3 e6 3. d4 d5 4.
Nf3 dxc4 5. Bg5 a6 6. a4 Be7 7. e3 O-O 8. Bxc4 b6 9. O-O Bb7 10. Qe2 Nbd7 11. Rfd1 Nh5 12. Bxe7 Qxe7 13. Ne5 Nhf6 14.
f4 c5 15. Rd2 cxd4 16. exd4 Rfc8 17. Kh1 Qb4 18. Ba2 Qd6 19. Re1 Nd5 20. Nxd5 Bxd5 21. Bb1 Nf6 22. f5 exf5 23. Bxf5 Re8 24. Qf2 Qb4 25. Bc2 Rac8 26. h3 Qd6 27. Rde2 b5 28.
axb5 axb5 29. Bd3 b4 30. Bf5 Be6 31. Bb1 Bd5 32. Kg1 Be6 33. g4 Rcd8 34. g5 Nd7 35. Nf3 g6 36. h4 Nf8 37. Re5 Bd5 38. Be4 Bxe4 39. R1xe4 Rxe5 40. Nxe5 Qd5 41. Rf4 Ne6 42. Rxf7 Qxd4 43. Qxd4 Rxd4 44. Re7 Nf4 45. Nd7 Rd2 46. Nf6+ Kf8 47. Rxh7 Rxb2 48. Nd7+ Ke8 49. Nf6+ Kd8 50. Rb7 b3 51. Ne4 Re2 52. Nc5 b2 53. Kf1 Rc2 54.
Ne4 Rc1+ 55. Kf2 b1=Q 56. Rxb1 Rxb1 57. Ke3 Nh5 58. Kd4 Ke7 59. Ke5 Re1 60. Kd5 Rxe4 61. Kxe4 Ke6 62. Kf3 Kf5 63. Kg2 Kg4 64. Kh2 Kxh4 0-1

[Event "Early-Titled-Tuesday-Blitz-June-18-2024"]
[Site "Chess.com"]
[Date "2024.06.18"]
[Round "6"]
[White "Defend1r"]
[Black "HamedWafa4"]
[Result "0-1"]
[WhiteElo "2544"]
[BlackElo "2681"]
[TimeControl "180+1"]
[EndTime "9:10:20 PDT"]
[Termination "HamedWafa4 won by resignation"]

1. e4 e5 2. Nf3 Nc6 3. Bc4 Bc5 4. c3 Nf6 5. d4 exd4 6. e5 d5 7. Bb5 Ne4 8. cxd4 Bb6 9. Nc3 O-O 10. Be3 Bg4 11. h3 Bh5 12. Qc2 Bg6 13. Qb3 Na5 14.
Qxd5 Qe7 15. Qd7 Qb4 16. O-O Rad8 17. Nd5 Qxb2 18. Ne7+ Kh8 19. Nxg6+ fxg6 20. Qg4 Qxb5 21. Qxe4 Qd5 22. Qh4 Nc4 23. Rad1 Kg8 24. Qg4 Rde8 25. Ng5 h6 26. Ne4 c6 27. Qxg6 Re6 28. Nf6+ Rexf6 29. exf6 Rxf6 30. Qg3 Qf7 31. Rfe1 Bc7 32. Qh4 Rg6 33.
Qe4 Nd6 34. Qf4 Nf5 35. Qf3 Qd7 36. g4 Nh4 37. Qe4 Rf6 38. Re2 Re6 39. Qd3 Qd6 40. f4 Nf3+ 41. Kf2 Nh4 42. d5 Rxe3 43. Rxe3 Qxf4+ 44. Kg1 Qh2+ 45. Kf1 Qg2+ 46. Ke1 Ba5+ 47. Rd2 Qg1+ 48. Ke2 Bxd2 49. Kxd2 Qg2+ 50. Re2 Nf3+ 51. Kd1 Qf1+ 52. Kc2 Qxe2+ 53. Qxe2 Nd4+ 54. Kd3 Nxe2 55. dxc6 bxc6 56. Kxe2 Kf7 57. Kd3 Ke6 58. Ke4 Kd6 59. Kd4 c5+ 60. Kc4 Kc6 61. h4 g6 62. a3 a6 63. a4 a5 64. g5 h5 65. Kd3 Kd5 66. Kc3 c4 67. Kd2 Kd4 68. Kc2 c3 69. Kd1 Kd3 70. Kc1 c2 71. Kb2 Kd2 72.
Kb3 c1=Q 73. Ka2 Qc4+ 74. Ka3 Qb4+ 75. Ka2 Kc2 0-1

[Event "Early-Titled-Tuesday-Blitz-June-18-2024"]
[Site "Chess.com"]
[Date "2024.06.18"]
[Round "6"]
[White "NM_Antelacus"]
[Black "WiktoriaPOL"]
[Result "1/2-1/2"]
[WhiteElo "2306"]
[BlackElo "2401"]
[TimeControl "180+1"]
[EndTime "9:10:21 PDT"]
[Termination "Game drawn - insufficient material"]

1. e4 c5 2. Nf3 d6 3. d4 cxd4 4. Nxd4 Nf6 5. Nc3 a6 6. f3 e5 7. Nb3 Be6 8. Be3 Nbd7 9. Qd2 b5 10. O-O-O Be7 11. g4 Nb6 12. g5 Nfd7 13. h4 Nc4 14. Bxc4 bxc4 15. Na1 Qa5 16. f4 exf4 17. Bxf4 Ne5 18. Kb1 Rb8 19. b3 cxb3 20. cxb3 Nc4 21.
Qd4 Qa3 22. Nd5 Bxd5 23. exd5 Qb4 24. Nc2 Na3+ 25. Nxa3 Qxa3 26. Qb2 Qxb2+ 27. Kxb2 Kd7 28. Rc1 Rhc8 29. Ka3 Bf8 30. Ka4 Rb5 31. Rxc8 Kxc8 32. Rc1+ Kd7 33. Rd1 Be7 34. b4 Bd8 35. Be3 f6 36.
gxf6 Bxf6 37. h5 Bc3 38. a3 Bf6 39. Kb3 Rb8 40. a4 Re8 41. Bd4 Bg5 42. Kc4 g6 43. hxg6 hxg6 44. Rg1 Be3 45. Bxe3 Rxe3 46. Rxg6 Re4+ 47. Kc3 Re5 48. Kd4 Rh5 49. Rg7+ Kc8 50. Kc3 Rxd5 51. Kc4 Rd1 52. b5 axb5+ 53. axb5 Rb1 54.
Rh7 Kb8 55. Rd7 Kc8 56. Rxd6 Kb7 57. Rg6 Rc1+ 58. Kb4 Rb1+ 59. Kc5 Rc1+ 60. Kb4 Rb1+ 61. Kc4 Rc1+ 62. Kd5 Rd1+ 63. Ke4 Rb1 64. Rg5 Kb6 65. Kd4 Rxb5 66. Rxb5+ Kxb5 1/2-1/2

[Event "Early-Titled-Tuesday-Blitz-June-18-2024"]
[Site "Chess.com"]
[Date "2024.06.18"]
[Round "6"]
[White "Bigfish1995"]
[Black "Gareth-Bale11"]
[Result "0-1"]
[WhiteElo "3119"]
[BlackElo "2958"]
[TimeControl "180+1"]
[EndTime "9:10:23 PDT"]
[Termination "Gareth-Bale11 won by resignation"]

1. Nf3 d5 2. b3 Nf6 3. Bb2 c5 4. e3 e6 5. c4 Nc6 6. cxd5 exd5 7. Bb5 Bd6 8. O-O O-O 9. d4 Bg4 10. dxc5 Bxc5 11. h3 Bh5 12. Bxc6 bxc6 13. Nbd2 Bb6 14. Qc2 c5 15. Nh4 Re8 16. Ndf3 Rc8 17. Rad1 d4 18. Qc4 Qd5 19. Qxd5 Nxd5 20. Nf5 Bxf3 21. gxf3 Red8 22. e4 Nf4 23. Ne7+ Kf8 24. Nxc8 Rxc8 25. Bc1 Ne2+ 26.
Kg2 Rc6 27. f4 Nc3 28. Rd3 Nxe4 29. Re1 f5 30. f3 Nc3 31. Bd2 Nxa2 32. Ra1 Nb4 33.
Bxb4 cxb4 34. Kf2 a5 35. Ke2 Rc2+ 36. Rd2 Rc3 37. Rd3 Kf7 38. h4 h5 39. Rg1 g6 40.
Ra1 Kf6 41. Kd2 Ke6 42. Rxc3 dxc3+ 43. Kd3 Bc7 44. Rg1 Kf6 45. Ra1 Bb6 46. Re1 Kf7 47.
Re5 Bd8 48. Rd5 Bxh4 49. Rxa5 Be7 50. Ra2 h4 51. Rh2 Kg7 52. Kd4 Kh6 53. Ke5 Kh5 54. Kd4 Bd6 55. Ke3 Bc5+ 56. Kd3 Bb6 57. Rh1 Bf2 58. Ke2 Bb6 59. Kd3 Bc7 60. Kc4 Bxf4 61.
Kd3 g5 62. Rf1 h3 63. Rh1 g4 64. fxg4+ fxg4 65. Ke4 Kg5 66. Rd1 c2 67. Rd5+ Kh4 0-1

[Event "Early-Titled-Tuesday-Blitz-June-18-2024"]
[Site "Chess.com"]
[Date "2024.06.18"]
[Round "6"]
[White "BirdMaster3000"]
[Black "RebelJohnny"]
[Result "1-0"]
[WhiteElo "2768"]
[BlackElo "2589"]
[TimeControl "180+1"]
[EndTime "9:10:24 PDT"]
[Termination "BirdMaster3000 won by resignation"]

1. f4 d5 2. Nf3 g6 3. e3 Bg7 4. c4 d4 5. Nxd4 Bxd4 6. exd4 Qxd4 7. Nc3 Nh6 8. d3 Bg4 9. Qb3 Bc8 10. Nd5 Na6 11. Be3 Qg7 12. O-O-O Nf5 13. Bf2 c6 14. g4 cxd5 15. gxf5 Bxf5 16. Qb5+ Bd7 17. Qxd5 Bc6 18. Qd4 e5 19. Qd6 Rd8 20. Qa3 Bxh1 21. Bh4 g5 22. Bxg5 f6 23. Bh4 Bf3 24.
Re1 Kf7 25. d4 e4 26. c5 Rxd4 27. Qb3+ Kg6 28. f5+ Kh5 29. Bf2 Rhd8 30. Bxd4 Rxd4 31. Qc3 Qg5+ 32. Kc2 Rd5 33. Bxa6 bxa6 34. c6 Qxf5 35. b4 Qe5 36. c7 Qxc3+ 37. Kxc3 Bg4 38. Rxe4 Bf5 39.
Rf4 Bh3 40. Rf3 Bd7 41. Rxf6 Rd1 42. Kb2 Rd4 43. Kc3 Rd1 44. Kb2 h6 45. Rf7 Bh3 46.
Rf3 Bg4 47. h3 Be6 48. Rf6 Bd7 49. Rf7 Be6 50. Rf6 Bd7 51. Rxa6 Rd4 52. Kc3 Rd1 53. Rxa7 Rc1+ 54. Kd4 Bxh3 55. a4 Bg4 56. b5 Kg5 57. Kd5 h5 58. b6 h4 59. b7 Bf3+ 60. Kd6 Rc6+ 61. Kd7 Rc3 62. c8=Q Bg4+ 63. Kd8 Bxc8 64. bxc8=Q 1-0

[Event "Early-Titled-Tuesday-Blitz-June-18-2024"]
[Site "Chess.com"]
[Date "2024.06.18"]
[Round "6"]
[White "Mysterio47"]
[Black "jaskol95"]
[Result "1-0"]
[WhiteElo "2837"]
[BlackElo "2616"]
[TimeControl "180+1"]
[EndTime "9:10:29 PDT"]
[Termination "Mysterio47 won by checkmate"]

1. e4 d5 2. exd5 Nf6 3. Nf3 Bg4 4.
h3 Bxf3 5. Qxf3 Qxd5 6. Qe3 Nc6 7. Nc3 Qe5 8. Bb5 Qxe3+ 9. fxe3 e6 10. O-O Bd6 11.
Bxc6+ bxc6 12. b3 Kd7 13. Bb2 Rhf8 14. Na4 Ke7 15. d3 h5 16. e4 e5 17. Bc1 Nd7 18.
Be3 f6 19. Kf2 Ke6 20. Ke2 g6 21. Rf2 f5 22. exf5+ gxf5 23. Raf1 f4 24. Bd2 Nf6 25. Kd1 Nd5 26. c4 Nb4 27. Bxb4 Bxb4 28. Re2 Rad8 29. Kc2 Kf5 30. Rf3 Rg8 31. Kb2 h4 32. c5 Rd5 33. Rc2 Rg3 34. a3 Be1 35. Re2 Rxf3 36. gxf3 Rxd3 37. Rxe1 Rxf3 38. Nc3 Rxh3 39. Kc2 Rh2+ 40. Kd3 h3 41. Ne4 Rb2 42. Nd2 h2 43. Rh1 f3 44. Rxh2 e4+ 45. Ke3 Rc2 46. Rh5+ Kg4 47.
Rh8 Rc3+ 48. Kxe4 f2 49. Rf8 Kg3 50. Nf1+ Kg2 51. Ne3+ Kg3 52. Rf3+ Kh4 53. Rxf2 Rxc5 54. Rc2 Rb5 55. b4 a5 56. Rc4 axb4 57. axb4 Kg5 58.
Nc2 Kf6 59. Nd4 Rb7 60. Rxc6+ Ke7 61. b5 Kd7 62. Kd5 Kc8 63. Kc5 Kb8 64. Ne6 Ka7 65. Rxc7 Kb8 66. Rxb7+ Ka8 67. Rg7 Kb8 68. Kc6 Ka8 69.
Kb6 Kb8 70. Rg8# 1-0

[Event "Early-Titled-Tuesday-Blitz-June-18-2024"]
[Site "Chess.com"]
[Date "2024.06.18"]
[Round "6"]
[White "aeiiuu"]
[Black "Adar_07"]
[Result "1-0"]
[WhiteElo "2610"]
[BlackElo "2794"]
[TimeControl "180+1"]
[EndTime "9:10:29 PDT"]
[Termination "aeiiuu won by checkmate"]

1. c4 Nf6 2. d4 e6 3. Nc3 Bb4 4. g3 c5 5. dxc5 Na6 6. Bg2 Nxc5 7. Bd2 O-O 8. Nf3 d5 9. cxd5 exd5 10. O-O d4 11. Nb5 Bxd2 12. Qxd2 d3 13. Rfd1 Bd7 14.
Nc3 dxe2 15. Qxe2 Re8 16. Qc4 Qb6 17. Ng5 Ne6 18. h4 h6 19. Nge4 Nxe4 20. Nxe4 Bc6 21. Nd6 Bxg2 22. Kxg2 Red8 23. Nf5 Qxb2 24. Qg4 Qf6 25.
Rab1 b6 26. Qf3 Rxd1 27. Rxd1 Rd8 28. Re1 Kh8 29. Qg4 Kh7 30. Ne3 g6 31. Qe4 h5 32.
Nd5 Qb2 33. Re3 Qxa2 34. Nf6+ Kg7 35. Qe5 Qa5 36. Nxh5+ Kh6 37. Nf6 Qxe5 38. Ng4+ Kg7 39. Nxe5 a5 40. Rf3 f5 41. Rb3 Rb8 42. Nc6 Rb7 43. Nxa5 Rc7 44. Rxb6 Nf8 45. Nc6 Rf7 46. Ne5 Rf6 47. Rb7+ Kg8 48. Kf3 Re6 49. Kf4 Rd6 50. Kf3 Re6 51. Nc4 Re4 52. Ne3 Re6 53. Nd5 Rd6 54. Ne7+ Kh8 55. h5 Re6 56. hxg6 Nxg6 57. Nxf5 Ne5+ 58. Kg2 Nd3 59. Rb8+ Kh7 60. Rb7+ Kg6 61.
Nd4 Rf6 62. f4 Rd6 63. Nf3 Re6 64. Nh4+ Kh5 65. Rh7+ Kg4 66. Rg7+ Kh5 67. Kf3 Ne1+ 68. Kf2 Nd3+ 69. Kg2 Re2+ 70. Kf3 Re6 71. g4+ Kxh4 72. Rh7+ Rh6 73. Rxh6# 1-0

[Event "Early-Titled-Tuesday-Blitz-June-18-2024"]
[Site "Chess.com"]
[Date "2024.06.18"]
[Round "6"]
[White "ViIIagra"]
[Black "Bob_2004"]
[Result "0-1"]
[WhiteElo "2886"]
[BlackElo "2777"]
[TimeControl "180+1"]
[EndTime "9:10:30 PDT"]
[Termination "Bob_2004 won by resignation"]

1. g3 d5 2. c4 e6 3. Bg2 Nf6 4. b3 d4 5. Nf3 c5 6. O-O Nc6 7. d3 Be7 8. e4 e5 9. Nh4 g6 10.
a3 a5 11. f4 Nh5 12. Nf3 exf4 13. gxf4 O-O 14. f5 Ng7 15. Bh6 gxf5 16. Nbd2 Qd6 17. Bxg7 Kxg7 18. Kh1 Kh8 19. Bh3 fxe4 20. Nxe4 Qh6 21.
Bxc8 Raxc8 22. Ra2 f5 23. Ng3 Bd6 24. Rg2 Rce8 25.
Rfg1 Ne7 26. Nd2 Ng6 27. Ndf1 Ne5 28. Rf2 Ng4 29. Rfg2 Bxg3 30. Nxg3 Ne3 31. Qf3 Nxg2 32. Kxg2 Qc6 33. Qxc6 bxc6 34. Rf1 Re3 35. Rd1 f4 36. Ne4 f3+ 37. Kf2 Re2+ 38. Kg3 Rg2+ 39. Kh3 Rf5 40. Ng3 Rf6 41. Rf1 Rb2 42. Ne4 Rh6+ 43.
Kg4 Rxb3 44. Nxc5 Rg6+ 45. Kf5 Rxa3 46. Rxf3 Ra2 47. Ke5 a4 48. h4 a3 49. Kxd4 Rc2 50.
Rf8+ Kg7 51. Ra8 a2 52. Ke5 Rg1 53. Nb3 Rb1 54. Nd4 Rg2 55. Nf5+ Kf7 56. Ra7+ Ke8 57.
Nd6+ Kd8 58. Ra8+ Kc7 59. Rc8+ Kb6 60. Rb8+ Ka5 61. Ra8+ Kb4 62. Kd4 a1=Q+ 63. Rxa1 Rxa1 64. h5 Rg4+ 65. Ne4 Rh4 66. Ke5 Rxe4+ 67. dxe4 Rh1 68.
Kd6 Kxc4 69. e5 Rxh5 70. e6 Rh6 0-1

[Event "Early-Titled-Tuesday-Blitz-June-18-2024"]
[Site "Chess.com"]
[Date "2024.06.18"]
[Round "6"]
[White "LewAnatol"]
[Black "sleeping_in_the_fire"]
[Result "1/2-1/2"]
[WhiteElo "2259"]
[BlackElo "2450"]
[TimeControl "180+1"]
[EndTime "9:10:31 PDT"]
[Termination "Game drawn by repetition"]

1. e4 c6 2. d4 d6 3. h3 g6 4. Nf3 Bg7 5. a4 Nd7 6. Bc4 e6 7. O-O d5 8. exd5 cxd5 9. Bd3 Ne7 10. Bg5 O-O 11. Qd2 Qe8 12. Re1 b6 13. Nc3 Bb7 14. Nb5 Qd8 15. Qb4 f6 16. Rxe6 fxg5 17. Qxe7 Qxe7 18.
Rxe7 Bc6 19. c3 a6 20. Nc7 Ra7 21. Ne6 Bf6 22. Rxd7 Bxd7 23. Nxf8 Kxf8 24. a5 b5 25. Re1 Bd8 26. Ne5 Bxa5 27. Nxd7+ Rxd7 28. Re6 Ra7 29. Rd6 Bc7 30. Rxd5 Ke7 31. Rxg5 Bf4 32.
Rc5 Bd6 33. Rc6 Kd7 34. Be4 a5 35. Rb6 b4 36. cxb4 axb4 37. Rb7+ Rxb7 38. Bxb7 Bf4 39.
b3 Kd6 40. Be4 Bd2 41. Kf1 Bc3 42. d5 Ke5 43. Bf3 h5 44. Ke2 h4 45. g3 g5 46.
Bg2 Bd4 47. gxh4 gxh4 48. Kf3 Bc5 49. Ke2 Kf4 50. Bf1 Ke4 51. Bg2+ Kd4 52. d6 Bxd6 53. Bc6 Bc5 54. Bd7 Ke5 55. f3 Kf4 56. Bg4 Ke5 57.
Kd3 Kd5 58. f4 Bd6 59. f5 Ke5 60. Kc4 Kf6 61. Kd5 Bf8 62. Ke4 Be7 63. Kd5 Bf8 64.
Kc6 Ke5 65. Kd7 Bg7 66. Ke7 Bf6+ 67. Kf7 Bh8 68. Kg6 Bf6 69. Kh5 Kd6 70. Kg6 Ke5 71. Kf7 Bh8 72. Kg6 Bf6 1/2-1/2

[Event "Early-Titled-Tuesday-Blitz-June-18-2024"]
[Site "Chess.com"]
[Date "2024.06.18"]
[Round "6"]
[White "sammartin99"]
[Black "Andrey-Ivanov2011"]
[Result "1/2-1/2"]
[WhiteElo "2332"]
[BlackElo "2066"]
[TimeControl "180+1"]
[EndTime "9:10:31 PDT"]
[Termination "Game drawn - timeout vs insufficient material"]

1. d4 Nf6 2. c4 g6 3. Nf3 Bg7 4. Nc3 d5 5. Bg5 O-O 6. Bxf6 Bxf6 7. Nxd5 Bg7 8. e3 e6 9. Nc3 c5 10. d5 Qa5 11. Qd2 exd5 12. Nxd5 Qxd2+ 13. Nxd2 Nc6 14. O-O-O Be6 15. Ne4 Bxd5 16. cxd5 Nb4 17. a3 Na6 18.
Bc4 Rab8 19. d6 b5 20. Bd5 Rfd8 21. Rd2 Kf8 22. Rhd1 f5 23. Ng5 Rxd6 24. Ne6+ Kf7 25. Ba2 Rxd2 26. Rxd2 c4 27. Nf4 Nc5 28. Rd5 Ne4 29.
Rd7+ Kg8 30. f3 Nc5 31. Rxa7 g5 32. Nd5 Nd3+ 33. Kc2 Bxb2 34. Ne7+ Kf8 35. Nxf5 Bh8 36. Rxh7 Be5 37. h4 gxh4 38. Rxh4 Ne1+ 39. Kb1 Nxg2 40. Re4 Bf6 41. Kc1 Ne1 42. Bb1 Nxf3 43. Re6 Bg7 44. Ra6 b4 45. axb4 Rxb4 46. Ra8+ Kf7 47. Ra7+ Kf6 48.
Nxg7 Ne5 49. Nf5 Rxb1+ 50. Kxb1 Kxf5 51. Kc2 Ke4 52. Kd2 c3+ 53. Ke2 c2 54. Rc7 Nd3 55. Rxc2 Ne5 56. Ra2 Ng4 57. Ra4+ Kf5 58. Kf3 Ne5+ 59.
Kg3 Nf7 60. Rf4+ Ke6 61. Kf3 Ne5+ 62. Ke4 Nc6 63. Rh4 Ne7 64. Rh6+ Kf7 65. Rh7+ Ke6 66. Rxe7+ Kxe7 67. Ke5 Kd7 68. Kf6 Kd6 69. e4 Kd7 1/2-1/2

[Event "Early-Titled-Tuesday-Blitz-June-18-2024"]
[Site "Chess.com"]
[Date "2024.06.18"]
[Round "6"]
[White "Barmen_EV"]
[Black "KanalSzachowy"]
[Result "1-0"]
[WhiteElo "2541"]
[BlackElo "2362"]
[TimeControl "180+1"]
[EndTime "9:10:35 PDT"]
[Termination "Barmen_EV won by checkmate"]

1. e4 a6 2. a4 e6 3. d4 h6 4. Nd2 d5 5. Bd3 Nc6 6. Ngf3 Nb4 7. Be2 c5 8. c3 Nc6 9. Bd3 cxd4 10. cxd4 dxe4 11.
Nxe4 Nf6 12. Nc3 Be7 13. O-O O-O 14. Re1 b6 15. Bb1 Bb7 16. Bf4 Nd5 17. Nxd5 Qxd5 18. Ba2 Qf5 19. Be3 Nb4 20. Bb1 Qg4 21. h3 Qh5 22.
Ne5 Qxd1 23. Rxd1 Rfd8 24. Ra3 Rac8 25. Rc3 Nd5 26. Rcc1 Nxe3 27. fxe3 Bf6 28. Nc4 Bg5 29. Kf2 b5 30. Nb6 Rxc1 31. Rxc1 e5 32. Rc7 exd4 33. Rxb7 dxe3+ 34. Kf3 g6 35. h4 Bxh4 36. Kxe3 Bg5+ 37. Kf3 Rd2 38. Ba2 Rxb2 39. Bxf7+ Kf8 40. Bxg6 bxa4 41. Nd7+ Ke7 42. Rxb2 Kxd7 43. Ra2 Kc6 44. Rxa4 Kb5 45. Rg4 a5 46. Rxg5+ hxg5 47. Kg4 Kc5 48. Kxg5 Kd4 49. Kf6 Ke3 50. g4 Kf4 51. g5 a4 52. Bf7 Kg4 53.
g6 Kh4 54. g7 a3 55. g8=Q a2 56. Qg5+ Kh3 57. Be6+ Kh2 58. Qf4+ Kh1 59. Qf3+ Kg1 60. Qg3+ Kf1 61. Bc4# 1-0

[Event "Early-Titled-Tuesday-Blitz-June-18-2024"]
[Site "Chess.com"]
[Date "2024.06.18"]
[Round "6"]
[White "GeorgiosSouleidis"]
[Black "Eduard_Limonov"]
[Result "1/2-1/2"]
[WhiteElo "2706"]
[BlackElo "2932"]
[TimeControl "180+1"]
[EndTime "9:10:36 PDT"]
[Termination "Game drawn - insufficient material"]

1. e4 c6 2. Nc3 d5 3. Nf3 dxe4 4. Nxe4 Nf6 5. Qe2 Nxe4 6. Qxe4 Qd5 7. Qh4 Qe6+ 8. Be2 Qg4 9. Qg3 g6 10. Qc7 Bg7 11. h3 Qd7 12. Qg3 O-O 13. O-O c5 14. d3 Nc6 15. c3 b6 16. Re1 Bb7 17. Qh4 Rfe8 18. Bh6 Bh8 19. Rad1 Rad8 20. Be3 Bf6 21. Bg5 Qf5 22. Bxf6 exf6 23. Qg4 Qxg4 24. hxg4 Ne5 25.
Nxe5 Rxe5 26. f3 f5 27. gxf5 Rxf5 28. Bf1 Kf8 29. Kf2 h5 30. d4 cxd4 31. Rxd4 Rxd4 32. cxd4 Rd5 33. Ke3 Rd7 34. Rc1 Kg7 35. Bb5 Re7+ 36. Kd3 Kf6 37. b4 Kg5 38. Bc6 Bc8 39. d5 Bf5+ 40.
Kd4 Re2 41. g3 Kf6 42. a4 Ke7 43. a5 Kd6 44. axb6 axb6 45. Ra1 Rd2+ 46. Ke3 Rd3+ 47. Kf2 Rd2+ 48. Ke3 Rb2 49. b5 Rb3+ 50. Kf2 g5 51. Ra7 g4 52. fxg4 hxg4 53. Rxf7 Rf3+ 54. Ke1 Be4 55.
Rxf3 Bxf3 56. Kd2 Bxd5 57. Be8 Kc5 58. Ke3 Bc4 59. Kf4 Bxb5 60. Bxb5 Kxb5 61. Kxg4 Kc5 62. Kh5 b5 63. g4 b4 64. g5 b3 65. g6 b2 66. g7 b1=Q 67. g8=Q Qh1+ 68. Kg6 Qg2+ 69.
Kf7 Qd5+ 70. Kg7 Qg5+ 71. Kf7 Qxg8+ 72. Kxg8 1/2-1/2

[Event "Early-Titled-Tuesday-Blitz-June-18-2024"]
[Site "Chess.com"]
[Date "2024.06.18"]
[Round "6"]
[White "Evan_Attaker"]
[Black "XDPS"]
[Result "1-0"]
[WhiteElo "2723"]
[BlackElo "2868"]
[TimeControl "180+1"]
[EndTime "9:10:37 PDT"]
[Termination "Evan_Attaker won on time"]

1. a3 d5 2. Nf3 Bf5 3. e3 e6 4. c4 c6 5. b3 Nf6 6. Bb2 h6 7. Be2 Nbd7 8. d3 Be7 9. Nbd2 O-O 10. O-O Bh7 11. Rc1 a5 12. Qc2 Qb6 13. Qb1 Rfd8 14. Rfd1 Bf8 15. Qa1 Rac8 16. Ne5 Nxe5 17. Bxe5 Nd7 18.
Bc3 Nc5 19. Bd4 Qa6 20. Qc3 Nd7 21. Qa1 Nc5 22. Qc3 b5 23. b4 axb4 24. axb4 Na4 25. Qb3 Qb7 26. Ra1 Ra8 27. Ra2 Ra6 28. Rda1 Rda8 29. c5 Bg6 30. f4 f6 31. Nf3 Bf7 32. Bd1 Qc7 33. Qb1 Bg6 34. Ra3 Be7 35.
R1a2 Qa7 36. Qa1 Bd8 37. Kf2 Be8 38. h3 Kf7 39. g4 Kg8 40. h4 Bg6 41. Kg3 Qd7 42. h5 Bh7 43. Bxa4 bxa4 44. Rxa4 Rxa4 45. Rxa4 Rxa4 46. Qxa4 Bxd3 47. Qa8 Kf7 48. Be5 Be7 49. Qb8 Ba6 50. Bd6 Bd8 51. Nd4 Bc8 52. b5 e5 53.
Nf5 cxb5 54. fxe5 fxe5 55. Bxe5 Be7 56. Bd6 Bf6 57. Be5 Be7 58. Bxg7 Bxc5 59. Qe5 Qe6 60. Qc7+ Bd7 61. Qxc5 b4 62. Qxb4 d4 63. Qxd4 Bc6 64.
Qf6+ Qxf6 65. Bxf6 Kxf6 66. Nxh6 Kg5 67. Nf5 Be4 68.
Nd6 Bd5 69. Nf5 Be6 70. Nh4 Bxg4 71. h6 1-0

[Event "Early-Titled-Tuesday-Blitz-June-18-2024"]
[Site "Chess.com"]
[Date "2024.06.18"]
[Round "6"]
[White "Heliosis11"]
[Black "GelmanAlexander"]
[Result "0-1"]
[WhiteElo "2446"]
[BlackElo "2652"]
[TimeControl "180+1"]
[EndTime "9:10:37 PDT"]
[Termination "GelmanAlexander won by resignation"]

1. e4 c5 2. Nf3 e6 3. d4 cxd4 4.
Nxd4 a6 5. Nc3 d6 6. Bd3 Nf6 7. O-O b5 8. Be3 Bb7 9. a3 Nbd7 10. f4 h5 11. h3 h4 12. Qf3 Rc8 13. Rae1 Be7 14. Nb3 Nb6 15. Qf2 Nc4 16. Bc1 Nh5 17. f5 e5 18. Rd1 Ng3 19. Rfe1 Nxa3 20. bxa3 Rxc3 21. Bb2 Rc8 22. Bxe5 dxe5 23. Bxb5+ axb5 24. Rxd8+ Rxd8 25. Qb6 Bxe4 26. Qxb5+ Kf8 27. Qxe5 Bf6 28. Qc5+ Kg8 29. Qb4 Bxc2 30. Nc5 Rh5 31. Nb7 Rb8 32.
a4 Rxf5 33. a5 Bd3 34. Qd6 Rxb7 35. Qxd3 g6 36. a6 Ra7 37. Re8+ Kg7 38. Re1 Ra5 39.
Qc4 R5xa6 40. Qg4 Ra1 41. Rxa1 Rxa1+ 42. Kf2 Ra3 43. Qb4 Rd3 44. Qb5 Bd4+ 45. Ke1 Re3+ 46. Kd2 Nf5 47. Qf1 Rg3 48. Qe2 Be3+ 49. Kd1 Nd4 50.
Qd3 Nf5 51. Qe4 Bd4 52. Kd2 Re3 53. Qd5 Rc3 54. Qe4 Ra3 55. Kd1 Ra1+ 56. Kc2 Ra2+ 57. Kb3 Rb2+ 58. Kc4 Rb6 59. Kd3 Re6 60. Qd5 Re3+ 61.
Kc2 Bf6 62. Qc6 Re2+ 63. Kd1 Re6 64. Qf3 Nd4 65. Qg4 Re2 66. Kc1 Rc2+ 67. Kd1 Rb2 68. Kc1 Rb4 69. Kd1 Rc4 70. Ke1 Nc2+ 71. Kd2 Rxg4 72.
hxg4 Nd4 0-1